Map: Orbital Shipyard

Players

LilDicky - Winner!

  • Race: Terran Terran
  • League: Diamond

ViciousViper

  • Race: Protoss Protoss
  • League: Platinum

VOD

http://www.twitch.tv/tumescentpie

Description

Time

  • Played on: Dec. 10, 2015, 6:14 p.m.
  • Length: 9:10
Show
View Real Time Build Order
Export as new Build Order

LilDicky Terran - Winner!

Build Orders: MMM Bio 

Get SALT Encoding   

  12  0:01  SCV  
  13  0:13  SCV  
  14  0:17  Supply Depot  
  14  0:25  SCV  
  15  0:32  Refinery  
  15  0:39  SCV  
  16  0:45  Barracks  
  16  0:51  SCV  
  17  1:03  SCV  
  18  1:15  SCV  
  19  1:33  Supply Depot  
  19  1:35  Factory  
  19  1:36  Marine  
  19  1:38  Orbital Command  
  20  1:53  Marine  
  21  2:02  Barracks  
  21  2:04  Barracks  
  21  2:13  SCV  
  22  2:17  Barracks Reactor  
  22  2:25  SCV  
  23  2:30  Refinery  
  23  2:35  Supply Depot  
  23  2:37  SCV  
  23  2:39  Widow Mine  
  26  2:49  SCV  
  26  2:50  Barracks Tech Lab  
  26  2:51  Barracks Tech Lab  
  27  2:57  Marine x2  
  29  3:01  SCV  
  29  3:07  Widow Mine  
  31  3:14  SCV  
  32  3:20  Combat Shields, Stimpack  
  32  3:21  Marine x2  
  32  3:22  Marine x2  
  36  3:29  Supply Depot  
  36  3:34  SCV  
  35  3:51  Marine  
  35  3:52  Marine x3  
  35  3:55  SCV  
  40  3:57  Starport  
  40  3:58  Supply Depot  
  40  4:20  Marine x2  
  40  4:21  Marauder x2  
  46  4:27  SCV  
  47  4:34  Medivac  
  47  4:37  Marine  
  47  4:38  Marine  
  49  4:39  SCV, Concussive Shells  
  49  4:40  Supply Depot  
  49  4:42  Marauder  
  49  4:45  Marauder  
  54  5:08  Medivac  
  54  5:09  Marauder x2  
  54  5:11  SCV  
  61  5:22  Marine  
  61  5:23  SCV  
  61  5:24  Supply Depot  
  63  5:46  SCV, Marauder, Marine x2  
  48  7:00  Marine x2  
  52  7:01  Medivac, Marauder  
  51  7:30  Marine x3  
  51  7:31  Marauder  
  56  7:47  Marine x2  
  56  7:48  Marauder  
  56  7:52  SCV, Marauder  
  56  7:59  Supply Depot  
  56  8:04  SCV  
  56  8:05  Command Center, Marine x2  
  56  8:08  Command Center  
  56  8:10  Marauder  
  56  8:13  Marauder  
  56  8:23  Marine  
  56  8:24  Marine  
  56  8:31  Marauder  
  56  8:35  Marauder  
Show
View Real Time Build Order
Export as new Build Order

ViciousViper Protoss 

Build Orders: 1 Gate Expand 

Get SALT Encoding   

  12  0:02  Probe (Chrono Boost)  
  13  0:12  Probe (Chrono Boost)  
  14  0:18  Pylon  
  14  0:23  Probe (Chrono Boost)  
  15  0:38  Probe (Chrono Boost)  
  15  0:41  Gateway  
  16  0:48  Probe (Chrono Boost)  
  17  0:59  Probe (Chrono Boost)  
  18  1:10  Probe (Chrono Boost)  
  19  1:20  Probe (Chrono Boost)  
  19  1:21  Nexus  
  20  1:30  Cybernetics Core  
  20  1:31  Probe (Chrono Boost)  
  21  1:36  Assimilator  
  21  1:41  Probe (Chrono Boost)  
  21  1:45  Pylon  
  22  1:52  Probe (Chrono Boost)  
  23  2:06  Assimilator  
  23  2:13  Adept (Chrono Boost)  
  25  2:16  Probe (Chrono Boost)  
  26  2:26  Probe  
  27  2:37  Gateway  
  27  2:38  Gateway, Warp Gate (Chrono Boost)  
  27  2:42  Adept  
  29  2:54  Mothership Core, Probe  
  32  3:04  Probe  
  33  3:15  Probe x2  
  33  3:17  Robotics Facility  
  31  3:25  Probe  
  31  3:27  Probe  
  31  3:33  Adept x3  
  39  3:36  Probe  
  39  3:39  Probe  
  41  3:46  Probe  
  41  3:56  Assimilator  
  41  4:04  Observer (Chrono Boost)  
  40  4:26  Probe  
  40  4:27  Probe  
  42  4:32  Assimilator  
  42  4:36  Probe  
  43  4:39  Probe  
  44  4:47  Probe  
  44  4:51  Probe  
  46  5:02  Pylon  
  46  5:06  Pylon  
  46  5:13  Pylon  
  46  5:18  Probe  
  46  5:20  Probe  
  49  5:22  Observer (Chrono Boost)  
  49  5:24  Stalker  
  49  5:25  Stalker x2  
  55  5:29  Probe  
  55  5:32  Probe  
  57  5:39  Probe  
  62  5:43  Pylon  
  62  5:44  Probe  
  62  5:45  Pylon  
  63  5:50  Probe  
  63  5:55  Probe  
  59  5:57  Stalker x2, Zealot  
  59  6:00  Probe  
  62  6:05  Pylon  
  62  6:09  Pylon  
  50  6:19  Sentry  
  50  6:20  Pylon  
  50  6:25  Stalker x2  
  38  6:37  Probe  
  38  6:38  Probe  
  31  6:44  Zealot  
  31  6:45  Sentry  
  35  6:53  Sentry  
  33  7:06  Gateway  
  33  7:07  Pylon  
  29  7:11  Pylon  
  25  7:23  Pylon  
  25  7:26  Pylon  
  25  7:29  Cybernetics Core, Pylon  
  25  7:31  Pylon  
  25  7:38  Pylon  
  25  7:45  Pylon  
Tags
 
Add a new tag
Caveats
  • Supply blocks, unpowered buildings, or Contaminate may cause inaccurate times.
  • Supply counts are checked every 10 seconds.